 Dungeon Crawl Stone Soup version 0.13-a0-2214-g11ebcbd (webtiles) character file.

236 Kae the Chiller (level 4, -2/30 HPs)
             Began as a Merfolk Ice Elementalist on July 3, 2013.
             Slain by a kobold
             ... wielding a +1,+0 dagger of electrocution
              (4 damage)
             ... on Level 3 of the Dungeon.
             The game lasted 00:03:59 (2417 turns).

Kae the Chiller (Merfolk Ice Elementalist)          Turns: 2417, Time: 00:03:59

HP  -2/30        AC  2     Str  9      XL: 4   Next: 97%
MP   0/7         EV 13     Int 14      God:
Gold 122         SH  0     Dex 14      Spells:  3 memorised,  0 levels left

Res.Fire  : . . .   See Invis. : .   (no weapon)
Res.Cold  : . . .   Warding    : .   a - +0 robe
Life Prot.: . . .   Conserve   : .   (no shield)
Res.Poison: .       Res.Corr.  : .   (no helmet)
Res.Elec. : .       Clarity    : .   (no cloak)
Sust.Abil.: . .     Spirit.Shd : .   (no gloves)
Res.Mut.  : .       Stasis     : .   (no boots)
Res.Rott. : .       Flight     : .   (no amulet)
Saprovore : . . .                    (no ring)
                                     (no ring)

@: slightly resistant to hostile enchantments, fairly stealthy
A: change form in water, swift swim
a: no special abilities


You were on level 3 of the Dungeon.
You were very hungry.

You visited 1 branch of the dungeon, and saw 3 of its levels.

You collected 102 gold pieces.

Inventory:

Armour
 a - a +0 robe (worn)
Comestibles
 c - 2 bread rations
 n - a choko
 q - a pear
Scrolls
 d - a scroll of recharging {unknown}
 e - 2 scrolls of fog {unknown}
 j - a scroll of enchant weapon II {unknown}
 l - 3 scrolls of remove curse {unknown}
 m - 2 scrolls of teleportation {unknown}
 r - a scroll of identify {unknown}
Potions
 f - a potion of slowing {unknown}
 g - a potion of confusion {unknown}
 h - 3 potions of curing {unknown}
 i - a potion of heal wounds {unknown}
 k - a potion of agility {unknown}
 o - a potion of magic {unknown}
Books
 b - a book of Frost

   Spells                             Type                      Level
   *Freeze                            Ice                          1
   *Throw Frost                       Conjuration/Ice              2
   *Ozocubu's Armour                  Charms/Ice                   3
   Throw Icicle                       Conjuration/Ice              4
   Summon Ice Beast                   Ice/Summoning                4
   Condensation Shield                Ice                          4


   Skills:
 + Level 3.6 Dodging
 - Level 2.1 Stealth
 + Level 1.9 Spellcasting
 * Level 2.1 Conjurations
 * Level 4.3 Ice Magic


You couldn't memorise any spells.
You knew the following spells:

 Your Spells              Type           Power        Failure   Level  Hunger
a - Freeze                Ice            ##..         4%          1    ##.....
b - Throw Frost           Conj/Ice       ##....       12%         2    ###....
c - Ozocubu's Armour      Chrm/Ice       #.........   30%         3    ####...


Dungeon Overview and Level Annotations

Branches:
Dungeon (3/27)

Altars:
Ashenzari
Cheibriados
Xom


Message History

You kill the jackal!
The kobold hits you with a runed dagger.
The jackal closely misses you.
You hit the kobold but do no damage. The kobold hits you but does no damage.
The jackal completely misses you.
You barely miss the kobold. The jackal closely misses you.
The kobold misses you. The jackal misses you.
You hit the kobold but do no damage. The kobold barely misses you.
The jackal barely misses you.
You miss the kobold. The jackal barely misses you.
The kobold barely misses you.
You barely miss the kobold.
The jackal bites you but does no damage.
The kobold hits you with a runed dagger.
You are electrocuted!
* * * LOW HITPOINT WARNING * * *
The jackal closely misses you.
You closely miss the kobold.
The kobold hits you with a dagger of electrocution.
You die...

#....... .#.......###. ########
#........ #.#.......+... .......#
#........ #.#.......###. .......#
#........ #.#.......###.
.......###...I.....#.#.......+...
.........h.........#.#.......###.
.......#############.#.#######...
###....#############.#.###.###.#.
>..............h@K........_......
....################.#.###.###...
....# #......#.# #### ....#
#......#.# ....# #......#.# ....#
#######......#.# <...#
#............#.# ....#
#.#####......#.# ....# #.#
##'###.#.


You could see a jackal and a kobold.

Vanquished Creatures
  Ijyb (D:3)
  Jessica (D:3)
  2 adders
  3 giant geckos
  An ooze (D:1)
  An orc (D:3)
  2 bats
  5 giant cockroaches (D:1)
  8 goblins
  7 hobgoblins
  7 jackals
  3 kobolds
  A quokka (D:2)
  3 giant newts
  8 rats
53 creatures vanquished.

Notes
Turn   | Place    | Note
--------------------------------------------------------------
     0 | D:1      | Kae, the Merfolk Ice Elementalist, began the quest for the Orb.
     0 | D:1      | Reached XP level 1. HP: 13/13 MP: 3/3
   508 | D:1      | Reached XP level 2. HP: 16/19 MP: 1/4
   552 | D:1      | Learned a level 2 spell: Throw Frost
   605 | D:1      | Reached skill level 1 in Conjurations
   679 | D:1      | Found a snail-covered altar of Cheibriados.
   909 | D:1      | Reached XP level 3. HP: 16/24 MP: 3/6
  1322 | D:2      | Reached skill level 4 in Ice Magic
  1818 | D:2      | Reached XP level 4. HP: 30/30 MP: 5/7
  2009 | D:3      | Found a shattered altar of Ashenzari.
  2214 | D:3      | Noticed Jessica
  2221 | D:3      | Killed Jessica
  2317 | D:3      | Found a shimmering altar of Xom.
  2352 | D:3      | Noticed Ijyb
  2357 | D:3      | Learned a level 3 spell: Ozocubu's Armour
  2390 | D:3      | Killed Ijyb
  2392 | D:3      | Noticed an ice beast
  2417 | D:3      | Slain by a kobold

Action                   |  1- 3 |  4- 6 || total
-------------------------+-------+-------++-------
Melee: Unarmed           |    59 |    34 ||    93
 Cast: Freeze            |    62 |    31 ||    93
